 Dungeon Crawl Stone Soup version 0.19-a0-680-gdf79c29 (webtiles) character file.

2308 AlphabetPasta the Frost Mage (level 9, -1/61 HPs)
             Began as a Merfolk Ice Elementalist on June 16, 2016.
             Slain by a sky beast (5 damage)
             ... on level 8 of the Dungeon.
             The game lasted 01:03:13 (9518 turns).

AlphabetPasta the Frost Mage (MfIE)                 Turns: 9518, Time: 01:03:15

Health: -1/61      AC:  5    Str:  9    XL:     9   Next: 41%
Magic:  15/18      EV: 16    Int: 17    God:
Gold:   443        SH:  0    Dex: 19    Spells: 5 memorised, 6 levels left

rFire  . . .     SeeInvis .     w - +0 trident
rCold  . . .     Gourm    .     a - +0 robe
rNeg   . . .     Faith    .     (no shield)
rPois  +         Spirit   .     (no helmet)
rElec  .         Dismiss  .     z - +1 cloak
rCorr  .         Reflect  .     F - +0 pair of gloves
SustAt .         Harm     .     (no boots)
MR     .....                    m - amulet of magic regeneration
Stlth  ++........               p - +5 ring of dexterity
                                B - ring of poison resistance

@: not resistant to hostile enchantments, unstealthy
A: change form in water, swift swim
a: no special abilities


You were on level 8 of the Dungeon.
You were not hungry.

You visited 1 branch of the dungeon, and saw 8 of its levels.
You also visited: Ossuary.

You collected 443 gold pieces.

Inventory:

Hand Weapons
 e - a +0 bardiche
 f - a +0 spear
 j - a +1 short sword
 o - a +0 halberd
 w - a +0 trident (weapon)
 y - a +2 quarterstaff of chaos
Missiles
 d - 3 tomahawks (quivered)
Armour
 a - a +0 robe (worn)
 z - a +1 cloak (worn)
 A - a cursed +0 shield
 F - a +0 pair of gloves (worn)
Jewellery
 m - an amulet of magic regeneration (around neck)
 p - a +5 ring of dexterity (right hand)
 B - a ring of poison resistance (left hand)
Wands
 g - a wand of iceblast (2/15)
 C - a wand of acid (1/15)
 G - a wand of lightning (7/15)
Scrolls
 i - 3 scrolls of enchant weapon
 t - a scroll of enchant armour
 D - a scroll of remove curse
 E - a scroll of recharging
Potions
 h - a potion of curing
 k - a potion of might
 l - a potion of brilliance
 n - 3 potions of agility
 s - 2 potions of flight {unknown}
 u - a potion of cure mutation
 v - a potion of magic
 x - a potion of beneficial mutation
Books
 b - a book of Frost

   Spells                             Type                      Level
   a - Freeze                         Ice                          1
   b - Throw Frost                    Conjuration/Ice              2
   c - Ozocubu's Armour               Charms/Ice                   3
   d - Throw Icicle                   Conjuration/Ice              4
   e - Summon Ice Beast               Ice/Summoning                4
Comestibles
 c - 5 bread rations
 q - 4 slices of pizza
 r - 2 meat rations
 H - 4 chunks of flesh


   Skills:
 - Level 2.0 Fighting
 - Level 1.0 Short Blades
 - Level 5.1 Polearms
 - Level 5.0 Dodging
 - Level 2.1 Stealth
 + Level 2.2 Shields
 * Level 6.2 Spellcasting
 + Level 3.6 Conjurations
 * Level 8.2 Ice Magic
 + Level 1.3 Evocations


You had 6 spell levels left.
You knew the following spells:

 Your Spells              Type           Power        Failure   Level  Hunger
a - Freeze                Ice            ####         1%          1    None
b - Throw Frost           Conj/Ice       ####..       1%          2    None
c - Ozocubu's Armour      Chrm/Ice       ###.....     10%         3    ##.....
d - Throw Icicle          Conj/Ice       ####....     12%         4    ####...
e - Summon Ice Beast      Ice/Summ       ###.....     24%         4    ####...


Dungeon Overview and Level Annotations

Branches:
Dungeon (8/15)             Temple (0/1) D:7
   Lair: D:8-11

Altars:
Makhleb
Qazlal
Ru
Sif Muna
Trog
Uskayaw
Yredelemnul
Zin
The Shining One

Shops:
D:5 }

Annotations:
D:3 AlphabetPasta's ghost, amateur TrGl
D:5 exclusion: phantom
D:7 AlphabetPasta's ghost, novice TrNe


Message History

Confirm with . or Enter, or press ? or * to list all spells.
Aiming: Freeze
Press: ? - help, Shift-Dir - straight line, f/p - worker ant
Aim: a worker ant (heavily wounded)
You freeze the worker ant.
The worker ant is almost dead.
The worker ant bites you.
* * * LOW HITPOINT WARNING * * *
Casting: Freeze
Confirm with . or Enter, or press ? or * to list all spells.
Aiming: Freeze
Press: ? - help, Shift-Dir - straight line, f/p - worker ant
Aim: a worker ant (almost dead)
You freeze the worker ant.
The worker ant is almost dead.
The worker ant bites you but does no damage.
Something hits you.
* * * LOW HITPOINT WARNING * * *
Something shocks you.
You die...

# .. .. .. .#
###..##.#
#@a.....#
#....##.#
.....#
......#
.......#
.........
.#.........
#.#.?.....#..


You could see a worker ant.

Vanquished Creatures
  An orc warrior (D:6)
  A black bear (D:6)
  2 sky beasts (D:6)
  A phantom (D:4)
  An ogre (D:7)
  2 centaurs (D:6)
  An elf zombie (Ossuary)
  2 giant frogs (D:6)
  2 scorpions (D:5)
  5 killer bees (D:6)
  2 howler monkeys (D:4)
  2 crimson imps
  A human zombie (Ossuary)
  A centaur zombie (Ossuary)
  A giant frog zombie (D:6)
  An orc priest (D:4)
  2 hounds
  2 orc wizards
  A gnoll shaman (D:4)
  A giant frog skeleton (D:5)
  Crazy Yiuf (D:3)
  An iguana (D:4)
  4 worker ants
  3 big kobold zombies (Ossuary)
  A hound zombie (Ossuary)
  4 mummies
  11 gnolls (D:4)
  12 adders
  A shadow imp (D:6)
  5 adder zombies (Ossuary)
  3 worms
  2 dart slugs
  5 giant geckos
  16 orcs
  4 ball pythons
  5 bats
  4 giant cockroaches
  6 goblins
  3 hobgoblins
  16 jackals
  7 kobolds
  8 quokkas
  A giant gecko zombie (D:6)
  8 giant newts
  2 goblin zombies (Ossuary)
  4 hobgoblin zombies (Ossuary)
  A jackal skeleton (D:4)
  A jackal zombie (Ossuary)
  6 kobold zombies (Ossuary)
  2 orc zombies (Ossuary)
  4 quokka zombies (Ossuary)
  2 rats
  4 rat zombies (Ossuary)
  A bush (D:3)
190 creatures vanquished.

Vanquished Creatures (others)
  A plant (D:3)
1 creature vanquished.

Grand Total: 191 creatures vanquished

Notes
Turn   | Place    | Note
--------------------------------------------------------------
     0 | D:1      | AlphabetPasta the Merfolk Ice Elementalist began the quest for the Orb.
     0 | D:1      | Reached XP level 1. HP: 13/13 MP: 3/3
   443 | D:1      | Reached XP level 2. HP: 19/19 MP: 0/5
   447 | D:1      | Learned a level 2 spell: Throw Frost
  1174 | D:2      | Reached XP level 3. HP: 24/24 MP: 1/6
  1458 | D:2      | Reached skill level 4 in Ice Magic
  1549 | D:1      | Learned a level 3 spell: Ozocubu's Armour
  1692 | D:2      | Reached XP level 4. HP: 28/31 MP: 3/8
  1763 | D:2      | Reached skill level 1 in Fighting
  2303 | D:3      | Noticed AlphabetPasta's ghost (amateur TrGl)
  2582 | D:3      | Noticed Crazy Yiuf
  2588 | D:3      | Killed Crazy Yiuf
  2588 | D:3      | Reached skill level 1 in Conjurations
  2668 | D:3      | Reached XP level 5. HP: 37/37 MP: 7/10
  2678 | D:3      | Learned a level 4 spell: Throw Icicle
  3665 | D:4      | Reached skill level 1 in Short Blades
  3819 | D:4      | Learned a level 4 spell: Throw Icicle
  3861 | D:4      | Noticed a phantom
  3894 | D:4      | Killed a phantom
  3894 | D:4      | Reached skill level 1 in Polearms
  3894 | D:4      | Reached skill level 5 in Ice Magic
  3894 | D:4      | Reached XP level 6. HP: 19/43 MP: 11/11
  4658 | D:4      | Reached XP level 7. HP: 48/48 MP: 9/13
  4905 | D:4      | Reached skill level 1 in Shields
  5254 | D:4      | Found a glowing golden altar of the Shining One.
  5256 | D:4      | Noticed an angel
  5264 | D:4      | Found a basalt altar of Yredelemnul.
  5488 | D:5      | Entered Level 5 of the Dungeon
  5494 | D:5      | Found a hide-covered altar of Uskayaw.
  5495 | D:5      | Noticed a dagger
  5496 | D:5      | Noticed a dagger
  5501 | D:5      | Reached skill level 6 in Ice Magic
  5610 | D:5      | Found a stormy altar of Qazlal.
  5617 | D:5      | Found a deep blue altar of Sif Muna.
  5652 | D:5      | Found Fapiud's Gadget Shop.
  5904 | D:5      | Reached XP level 8. HP: 54/54 MP: 7/15
  5910 | D:5      | Learned a level 4 spell: Summon Ice Beast
  7029 | D:6      | Reached skill level 5 in Spellcasting
  7043 | D:6      | Reached skill level 7 in Ice Magic
  7690 | D:6      | Reached skill level 5 in Polearms
  8096 | D:6      | Reached XP level 9. HP: 59/59 MP: 3/17
  8639 | D:7      | Found a burning altar of Makhleb.
  8639 | D:7      | Noticed an Executioner
  8674 | D:7      | Found a sand-covered staircase.
  8702 | D:7      | Found a bloodstained altar of Trog.
  8702 | D:7      | Found a sacrificial altar of Ru.
  8702 | D:7      | Found a glowing silver altar of Zin.
  8722 | Ossuary  | Entered an ossuary
  8840 | Ossuary  | Reached skill level 5 in Dodging
  9035 | Ossuary  | Reached skill level 8 in Ice Magic
  9186 | Ossuary  | Reached skill level 1 in Evocations
  9461 | D:7      | Noticed AlphabetPasta's ghost (novice TrNe)
  9518 | D:8      | Slain by a sky beast

Vault maps used:
D:1:      saegor_arrival_simple_a
D:2:      first_bread
D:3:      serial_forest, infiniplex_forest_end_2, infiniplex_forest_lined_3,
          infiniplex_forest_end_3, infiniplex_forest_lined_corner,
          infiniplex_forest_zigzag_1, infiniplex_forest_clump_double,
          uniq_crazy_yiuf_cottage
D:4:      grunt_temple_overflow_holy_war
D:5:      dancing_weapons_uskayaw, minitemple, serial_shops,
          nicolae_shop_temple_entry_statues_fountains
D:6:      black_bear_nest_2
D:7:      gammafunk_temple_overflow_claw, cheibriados_altar_1,
          makhleb_altar_promises_db, temple_green, gup_ossuary_entry_pyramid
D:8:      uniq_joseph, uniq_pikel
Ossuary:  minmay_ossuary_two_tombs

Skill      XL: |  1  2  3  4  5  6  7  8  9 |
---------------+----------------------------+-----
Dodging        | 3 4 5 |  5.0
Ice Magic      | 4 5 6 7 8 |  8.2
Spellcasting   | 3 4 5 6 |  6.2
Fighting       | 1 2 |  2.0
Conjurations   | 1 2 3 |  3.6
Short Blades   | 1 |  1.0
Polearms       | 1 2 3 5 |  5.1
Shields        | 1 2 |  2.2
Evocations     | 1 |  1.3
Stealth        | |  2.1

Action                   |  1- 3 |  4- 6 |  7- 9 || total
-------------------------+-------+-------+-------++-------
Melee: Short sword       |    27 |   239 |       ||   266
       Unarmed           |     6 |       |       ||     6
       Quarterstaff      |       |    13 |       ||    13
       Bardiche          |       |     9 |       ||     9
       Halberd           |       |     9 |     9 ||    18
       Trident           |       |       |   237 ||   237
 Cast: Freeze            |    46 |    57 |   122 ||   225
       Throw Frost       |     1 |    34 |   120 ||   155
       Ozocubu's Armour  |       |     2 |     6 ||     8
       Throw Icicle      |       |       |     4 ||     4
Evoke: Wand              |       |     5 |     2 ||     7
  Use: Scroll            |       |    16 |     8 ||    24
       Potion            |       |     1 |     6 ||     7
 Stab: Sleeping          |     3 |     6 |     7 ||    16
       Distracted        |       |       |     2 ||     2
  Eat: Chunk             |     3 |     6 |     6 ||    15
       Meat ration       |       |     1 |     2 ||     3
       Beef jerky        |       |     1 |       ||     1
       Royal jelly       |       |       |     3 ||     3
Armor: Robe              |    10 |    15 |    67 ||    92
Dodge: Dodged            |    48 |    52 |   234 ||   334
